Senateurs vs Blackhawks

Created - 25 janvier 2016 at 19:13

Goals
1 2 3 OT1 T
Senateurs 0 1 0 1 2
Blackhawks 0 0 1 0 1
Shots
1 2 3 OT1 T
Senateurs 6 8 5 6 25
Blackhawks 8 6 8 4 26

1st period

No Goal

Penalties :
Daymond Langkow (Ott) for Roughing (Minor) at 16:05, Vladimir Mihalik (Ott) for Hooking (Minor) at 19:50

2nd period

1. Senateurs , Brenden Morrow 21 (Jean-Pierre Dumont, Daymond Langkow) at 15:14 (PP)

Penalties :
B.J. Crombeen (Ott) for Interference (Minor) at 4:22, Daniel Carcillo (Chi) for Holding (Minor) at 10:24, Henrik Zetterberg (Chi) for Delaying the game (Minor) at 14:39, Andrew Ebbett (Ott) for Hooking (Minor) at 15:43

3rd period

2. Blackhawks , Kris Versteeg 11 (Henrik Zetterberg, John Carlson) at 0:08

Penalties :
Brent Burns (Chi) for Unsportsmanlike conduct (Minor) at 1:38, Chris Higgins (Chi) for Interference (Minor) at 7:22, Chris Campoli (Chi) for Tripping (Minor) at 12:30

Overtime #1

3. Senateurs , Carlo Colaiacovo 2 (Todd Bertuzzi, Kurtis Foster) at 4:12

Penalties :
No Penalty

Goalie Stats

Ondrej Pavelec (Ott), 25 saves from 26 shots - (0,962), W, 21-9-3, 64:12 minutes
Tyler Weiman (Chi), 23 saves from 25 shots - (0,920), OTL, 19-12-4, 64:12 minutes

Players Stats for Senateurs

Player Name              G  A  P  +/- PIM S  H  SB GA TA FO     MP     PP MP  PK MP  
------------------------------------------------------------------------------------
Ales Kotalik             0  0  0   0  0   2  1  0  0  0  0/0     7:21   0:00   0:15 
Andrew Ebbett            0  0  0   0  2   1  1  1  1  0  3/5    18:02   3:51   0:43 
Andy Hilbert             0  0  0   0  0   0  1  1  1  0  0/0    15:07   0:00   1:46 
Andy McDonald            0  0  0   0  0   3  2  0  1  0  0/0    18:40   3:51   1:18 
B.J. Crombeen            0  0  0   0  2   0  0  0  1  0  0/0    13:18   0:07   0:00 
Brandon Dubinsky         0  0  0   0  0   2  2  0  1  1  4/6    11:45   0:00   0:15 
Brenden Morrow           1  0  1  -1  0   3  1  1  0  0  8/14   25:22   4:33   4:11 
Carlo Colaiacovo         1  0  1   1  0   3  1  1  0  2  0/0    22:49   3:41   3:21 
Dan Girardi              0  0  0   0  0   0  2  1  0  0  0/0    12:38   0:00   0:00 
Dan Hamhuis              0  0  0  -1  0   1  1  2  1  2  0/0    28:45   4:50   4:35 
Daymond Langkow          0  1  1  -1  2   3  2  1  0  0  8/19   21:57   4:37   3:20 
Jean-Pierre Dumont       0  1  1   0  0   0  0  0  0  0  0/3    18:21   4:33   2:02 
Kurtis Foster            0  1  1   1  0   0  2  0  0  1  0/0    22:49   3:41   3:21 
Nikita Alexeev           0  0  0   0  0   0  0  0  0  0  0/1     4:18   0:10   0:00 
Olli Jokinen             0  0  0   0  0   0  0  0  1  0  2/2     5:50   0:00   0:00 
Todd Bertuzzi            0  1  1   1  0   1  2  1  0  0  0/0    20:22   3:51   2:02 
Vitaly Vishnevsky        0  0  0  -1  0   6  0  1  0  1  0/0    28:45   4:50   4:35 
Vladimir Mihalik         0  0  0   0  2   0  0  1  1  0  0/0    12:39   0:00   0:00 

Players Stats for Blackhawks

Player Name              G  A  P  +/- PIM S  H  SB GA TA FO     MP     PP MP  PK MP  
------------------------------------------------------------------------------------
Andy Rogers              0  0  0   0  0   0  2  0  1  0  0/0    21:13   0:00   5:03 
Brent Burns              0  0  0   0  2   4  2  2  2  1  0/0    27:42   4:41   2:42 
Chris Campoli            0  0  0   0  2   0  1  0  1  0  0/0    15:57   3:15   0:37 
Chris Higgins            0  0  0   0  2   1  1  0  0  0  0/0    14:59   3:19   1:18 
Daniel Carcillo          0  0  0   0  2   1  3  0  1  0  0/1    12:21   0:03   0:00 
Dominic Moore            0  0  0   0  0   2  1  0  0  0  5/11   17:16   0:03   4:55 
Henrik Zetterberg        0  1  1   0  2   4  3  0  2  0  1/1    19:15   4:34   0:00 
Jamie Langenbrunner      0  0  0   0  0   0  1  0  0  2  0/0    13:18   0:03   4:56 
Jeff Schultz             0  0  0   0  0   1  3  0  0  1  0/0    25:23   3:15   5:11 
John Carlson             0  1  1   0  0   2  3  0  0  1  0/0    22:29   4:41   0:00 
Kris Versteeg            1  0  1   1  0   3  1  0  0  0  0/1    20:44   4:34   0:00 
Pierre-Marc Bouchard     0  0  0  -1  0   3  3  0  0  0  3/6    15:45   3:19   0:56 
Robert Nilsson           0  0  0   1  0   2  2  0  0  0  15/29  20:44   4:34   0:00 
Ryan Malone              0  0  0   0  0   1  0  0  0  0  0/0     7:22   0:00   0:00 
Sheldon Keefe            0  0  0   0  0   0  1  0  0  0  0/0    14:35   0:00   2:44 
Steve Bernier            0  0  0   0  0   1  0  0  0  0  0/0    13:12   3:19   0:00 
Viktor Kozlov            0  0  0   0  0   1  2  0  0  1  1/1    10:09   0:00   2:13 
Wes O'Neill              0  0  0   0  0   0  1  2  0  2  0/0    15:48   0:00   3:29 

3 Stars

1 - Ondrej Pavelec (Ott)
2 - Carlo Colaiacovo (Ott)
3 - Kris Versteeg (Chi)

Power Play

Senateurs - 1 on 5 Attempt(s) - 20,00%
Blackhawks - 0 on 4 Attempt(s) - 0,00%

Penalty Kill

Senateurs - 4 on 4 Attempt(s) - 100,00% - Score 0 goal in Penalty Kill
Blackhawks - 4 on 5 Attempt(s) - 80,00% - Score 0 goal in Penalty Kill

Team Stat

Senateurs - Hits : 18 - Faceoff Wins : 25 - Blocked Shots : 11 - Penalty Minutes : 8
Blackhawks - Hits : 30 - Faceoff Wins : 25 - Blocked Shots : 4 - Penalty Minutes : 10

Official

Referees : Peel Tim and LaRue Dennis
Linesman : Andy McElman and Michel Cormier

Game Notes

No Game Note

Finance

Level 1 -- Attendance: 4185 (69,75%) -- Ticket Income 460 350 $
Level 2 -- Attendance: 3386 (67,72%) -- Ticket Income 199 774 $
Level 3 -- Attendance: 1416 (70,80%) -- Ticket Income 55 224 $
Level 4 -- Attendance: 2177 (54,43%) -- Ticket Income 76 195 $
Luxury Box -- Attendance: 640 (64,00%) -- Ticket Income 134 400 $
Game was played at the Chicago Stadium.
Total Attendance: 11804 (65,58%)
Total Ticket Income: 925 943 $
Other Income: 138 891 $
Total Income: 1 064 834 $

Senateurs

5 vs 5 Forward 
   Center                   Left Wing                Right Wing               Time % Phy DF OF 
 1 Daymond Langkow          Brenden Morrow           Jean-Pierre Dumont       40     1   2  2  
 2 Andrew Ebbett            Andy McDonald            Todd Bertuzzi            30     1   2  2  
 3 Brandon Dubinsky         Andy Hilbert             B.J. Crombeen            20     1   2  2  
 4 Olli Jokinen             Brenden Morrow           Ales Kotalik             10     1   2  2  

5 vs 5 Defense 
   Defense                  Defense                                           Time % Phy DF OF 
 1 Vitaly Vishnevsky        Dan Hamhuis                                       40     1   2  2  
 2 Kurtis Foster            Carlo Colaiacovo                                  30     1   2  2  
 3 Vladimir Mihalik         Dan Girardi                                       20     1   2  2  
 4 Vitaly Vishnevsky        Dan Hamhuis                                       10     1   2  2  

PowerPlay Forward 
   Center                   Left Wing                Right Wing               Time % Phy DF OF 
 1 Daymond Langkow          Brenden Morrow           Jean-Pierre Dumont       60     1   2  2  
 2 Andrew Ebbett            Andy McDonald            Todd Bertuzzi            40     1   2  2  

PowerPlay Defense
   Defense                  Defense                                           Time % Phy DF OF 
 1 Vitaly Vishnevsky        Dan Hamhuis                                       60     1   2  2  
 2 Kurtis Foster            Carlo Colaiacovo                                  40     1   2  2  

Penalty Kill 4 Players Forward 
   Center                   Wing                     Time % Phy DF OF 
 1 Brenden Morrow           Daymond Langkow          60     1   2  2  
 2 Jean-Pierre Dumont       Todd Bertuzzi            40     1   2  2  

Penalty Kill 4 Players Defense
   Defense                  Defense                  Time % Phy DF OF 
 1 Vitaly Vishnevsky        Dan Hamhuis              60     1   2  2  
 2 Kurtis Foster            Carlo Colaiacovo         40     1   2  2  

Penalty Kill - 3 Players Forward 
   Forward                                           Time % Phy DF OF 
 1 Brenden Morrow                                    60     1   2  2  
 2 Daymond Langkow                                   40     1   2  2  

Penalty Kill - 3 Players Defense
   Defense                  Defense                  Time % Phy DF OF 
 1 Vitaly Vishnevsky        Dan Hamhuis              60     1   2  2  
 2 Kurtis Foster            Carlo Colaiacovo         40     1   2  2  

4 vs 4 Forward 
   Center                   Wing                     Time % Phy DF OF 
 1 Brenden Morrow           Daymond Langkow          60     1   2  2  
 2 Jean-Pierre Dumont       Todd Bertuzzi            40     1   2  2  

4 vs 4 Defense
   Defense                  Defense                  Time % Phy DF OF 
 1 Vitaly Vishnevsky        Dan Hamhuis              60     1   2  2  
 2 Kurtis Foster            Carlo Colaiacovo         40     1   2  2  

Last Minutes Offensive
   Center                   Left Wing                Right Wing               Defense                  Defense                  
   Daymond Langkow          Brenden Morrow           Jean-Pierre Dumont       Vitaly Vishnevsky        Dan Hamhuis              

Last Minutes Defensive
   Center                   Left Wing                Right Wing               Defense                  Defense                  
   Daymond Langkow          Brenden Morrow           Jean-Pierre Dumont       Vitaly Vishnevsky        Dan Hamhuis              

Goaltenders
Starting : Ondrej Pavelec           
Backup : Marty Turco              

Extra Forwards
Normal : Nikita Alexeev, B.J. Crombeen, Andy Hilbert - PP : Nikita Alexeev, B.J. Crombeen - PK : Andy Hilbert
Extra Defensemen
Normal : Vladimir Mihalik, Dan Girardi, Kurtis Foster - PP : Vladimir Mihalik - PK : Dan Girardi, Kurtis Foster
Penalty Shots
Brenden Morrow, Daymond Langkow, Jean-Pierre Dumont, Todd Bertuzzi, Andy McDonald

Blackhawks

5 vs 5 Forward 
   Center                   Left Wing                Right Wing               Time % Phy DF OF 
 1 Robert Nilsson           Henrik Zetterberg        Kris Versteeg            40     1   2  2  
 2 Pierre-Marc Bouchard     Chris Higgins            Steve Bernier            30     1   2  2  
 3 Dominic Moore            Daniel Carcillo          Sheldon Keefe            20     1   2  2  
 4 Viktor Kozlov            Ryan Malone              Jamie Langenbrunner      10     1   2  2  

5 vs 5 Defense 
   Defense                  Defense                                           Time % Phy DF OF 
 1 Brent Burns              John Carlson                                      40     1   2  2  
 2 Andy Rogers              Jeff Schultz                                      30     1   2  2  
 3 Wes O'Neill              Chris Campoli                                     20     1   2  2  
 4 Brent Burns              Jeff Schultz                                      10     1   2  2  

PowerPlay Forward 
   Center                   Left Wing                Right Wing               Time % Phy DF OF 
 1 Robert Nilsson           Henrik Zetterberg        Kris Versteeg            60     1   2  2  
 2 Pierre-Marc Bouchard     Chris Higgins            Steve Bernier            40     1   2  2  

PowerPlay Defense
   Defense                  Defense                                           Time % Phy DF OF 
 1 Brent Burns              John Carlson                                      60     1   2  2  
 2 Jeff Schultz             Chris Campoli                                     40     1   2  2  

Penalty Kill 4 Players Forward 
   Center                   Wing                     Time % Phy DF OF 
 1 Dominic Moore            Jamie Langenbrunner      60     1   2  2  
 2 Viktor Kozlov            Sheldon Keefe            40     1   2  2  

Penalty Kill 4 Players Defense
   Defense                  Defense                  Time % Phy DF OF 
 1 Andy Rogers              Jeff Schultz             60     1   2  2  
 2 Wes O'Neill              Brent Burns              40     1   2  2  

Penalty Kill - 3 Players Forward 
   Forward                                           Time % Phy DF OF 
 1 Henrik Zetterberg                                 60     1   2  2  
 2 Dominic Moore                                     40     1   2  2  

Penalty Kill - 3 Players Defense
   Defense                  Defense                  Time % Phy DF OF 
 1 Brent Burns              Jeff Schultz             60     1   2  2  
 2 Andy Rogers              Brent Burns              40     1   2  2  

4 vs 4 Forward 
   Center                   Wing                     Time % Phy DF OF 
 1 Robert Nilsson           Kris Versteeg            60     1   2  2  
 2 Pierre-Marc Bouchard     Henrik Zetterberg        40     1   2  2  

4 vs 4 Defense
   Defense                  Defense                  Time % Phy DF OF 
 1 Brent Burns              John Carlson             60     1   2  2  
 2 Andy Rogers              Jeff Schultz             40     1   2  2  

Last Minutes Offensive
   Center                   Left Wing                Right Wing               Defense                  Defense                  
   Robert Nilsson           Henrik Zetterberg        Kris Versteeg            Brent Burns              Jeff Schultz             

Last Minutes Defensive
   Center                   Left Wing                Right Wing               Defense                  Defense                  
   Robert Nilsson           Henrik Zetterberg        Kris Versteeg            Brent Burns              Jeff Schultz             

Goaltenders
Starting : Tyler Weiman             
Backup : Jocelyn Thibault         

Extra Forwards
Normal : Dominic Moore, Daniel Carcillo, Sheldon Keefe - PP : Dominic Moore, Daniel Carcillo - PK : Sheldon Keefe
Extra Defensemen
Normal : Chris Campoli, Wes O'Neill, Andy Rogers - PP : Wes O'Neill - PK : Jeff Schultz, Andy Rogers
Penalty Shots
Henrik Zetterberg, Steve Bernier, Kris Versteeg, Pierre-Marc Bouchard, Robert Nilsson

% Time on Ice - Senateurs

Lines # - Real PCT - Wanted PCT - Time Play
Normal Forward
1 - 28% - 40% - 12:06
2 - 32% - 30% - 14:07
3 - 26% - 20% - 11:30
4 - 13% - 10% - 5:50
Normal Defense
1 - 39% - 40% - 16:57
2 - 32% - 30% - 13:53
3 - 27% - 20% - 11:55
4 - 2% - 10% - 0:48
PP Forward
1 - 55% - 60% - 4:40
2 - 45% - 40% - 3:51
PP Defense
1 - 57% - 60% - 4:50
2 - 43% - 40% - 3:41
PK Forward
1 - 74% - 60% - 5:54
2 - 26% - 40% - 2:02
PK Defense
1 - 58% - 60% - 4:35
2 - 42% - 40% - 3:21
PK3 Forward
1 - 0% - 60%
2 - 0% - 40%
PK3 Defense
1 - 0% - 60%
2 - 0% - 40%
44 Forward
1 - 71% - 60% - 3:00
2 - 29% - 40% - 1:12
44 Defense
1 - 55% - 60% - 2:18
2 - 45% - 40% - 1:54
Last Minute Offensive  - 0:00
Last Minute Defensive  - 0:00
Total
Forward - 64:12
Defense - 64:12

% Time on Ice - Blackhawks

Lines # - Real PCT - Wanted PCT - Time Play
Normal Forward
1 - 34% - 40% - 15:00
2 - 24% - 30% - 10:27
3 - 25% - 20% - 10:44
4 - 17% - 10% - 7:22
Normal Defense
1 - 37% - 40% - 16:16
2 - 39% - 30% - 16:48
3 - 19% - 20% - 8:18
4 - 5% - 10% - 2:11
PP Forward
1 - 58% - 60% - 4:37
2 - 42% - 40% - 3:19
PP Defense
1 - 59% - 60% - 4:41
2 - 41% - 40% - 3:15
PK Forward
1 - 74% - 60% - 6:18
2 - 26% - 40% - 2:13
PK Defense
1 - 52% - 60% - 4:26
2 - 48% - 40% - 4:05
PK3 Forward
1 - 0% - 60%
2 - 0% - 40%
PK3 Defense
1 - 0% - 60%
2 - 0% - 40%
44 Forward
1 - 71% - 60% - 2:59
2 - 29% - 40% - 1:13
44 Defense
1 - 67% - 60% - 2:48
2 - 33% - 40% - 1:24
Last Minute Offensive  - 0:00
Last Minute Defensive  - 0:00
Total
Forward - 64:12
Defense - 64:12

Play by Play

1st period


0:01 of 1st period - Robert Nilsson wins face-off versus Daymond Langkow in neutral zone.
0:06 of 1st period - Wrist shot by Kris Versteeg.
0:06 of 1st period - Shot Blocked by Dan Hamhuis.
0:08 of 1st period - Snap shot by Robert Nilsson.
0:08 of 1st period - Stopped by Ondrej Pavelec with a rebound.
0:34 of 1st period - Snap shot by Andy McDonald.
0:34 of 1st period - Deflect By Todd Bertuzzi.
0:34 of 1st period - Shot Misses the Net.
0:34 of 1st period - Puck is out of play.
0:35 of 1st period - Brandon Dubinsky wins face-off versus Dominic Moore in Blackhawks zone.
0:40 of 1st period - Wrist shot by Brandon Dubinsky.
0:40 of 1st period - Stopped by Tyler Weiman with a rebound.
0:42 of 1st period - Slapshot by Carlo Colaiacovo.
0:42 of 1st period - Stopped by Tyler Weiman without a rebound.
0:43 of 1st period - Brandon Dubinsky wins face-off versus Daniel Carcillo in Blackhawks zone.
1:12 of 1st period - Wrist shot by Andy McDonald.
1:12 of 1st period - Stopped by Tyler Weiman with a rebound.
1:16 of 1st period - Slapshot by Andy McDonald.
1:16 of 1st period - Stopped by Tyler Weiman with a rebound.
1:18 of 1st period - Slapshot by Carlo Colaiacovo.
1:18 of 1st period - Shot Misses the Net.
1:20 of 1st period - Slapshot by Kurtis Foster.
1:20 of 1st period - Shot Misses the Net.
1:40 of 1st period - Snap shot by Pierre-Marc Bouchard.
1:40 of 1st period - Shot Misses the Net.
1:52 of 1st period - Chris Campoli is hit by Dan Girardi and loses puck.
2:11 of 1st period - Andrew Ebbett is hit by Wes O'Neill and loses puck.
2:32 of 1st period - Slapshot by Brenden Morrow.
2:32 of 1st period - Shot Blocked by Wes O'Neill.
2:48 of 1st period - Snap shot by Steve Bernier.
2:48 of 1st period - Shot Misses the Net.
4:04 of 1st period - Brandon Dubinsky is hit by Henrik Zetterberg and loses puck.
4:27 of 1st period - Andy McDonald is hit by Daniel Carcillo and loses puck.
4:52 of 1st period - Icing by Ryan Malone.
4:53 of 1st period - Viktor Kozlov wins face-off versus Andrew Ebbett in Blackhawks zone.
4:58 of 1st period - Andy McDonald is hit by John Carlson.
6:06 of 1st period - Snap shot by Dominic Moore.
6:06 of 1st period - Stopped by Ondrej Pavelec without a rebound.
6:07 of 1st period - Daymond Langkow wins face-off versus Robert Nilsson in Senateurs zone.
6:33 of 1st period - Carlo Colaiacovo is hit by Pierre-Marc Bouchard and loses puck.
7:06 of 1st period - Off-side.
7:07 of 1st period - Robert Nilsson wins face-off versus Daymond Langkow in neutral zone.
8:18 of 1st period - Slapshot by Vitaly Vishnevsky.
8:18 of 1st period - Deflect By Ales Kotalik.
8:18 of 1st period - Stopped by Tyler Weiman with a rebound.
8:20 of 1st period - Wrist shot by Dan Hamhuis.
8:20 of 1st period - Shot Misses the Net.
8:22 of 1st period - Snap shot by Brenden Morrow.
8:22 of 1st period - Stopped by Tyler Weiman with a rebound.
8:24 of 1st period - Wrist shot by Ales Kotalik.
8:24 of 1st period - Shot Blocked by Brent Burns.
9:06 of 1st period - Snap shot by Pierre-Marc Bouchard.
9:06 of 1st period - Stopped by Ondrej Pavelec with a rebound.
9:08 of 1st period - Slapshot by Jeff Schultz.
9:08 of 1st period - Stopped by Ondrej Pavelec with a rebound.
9:10 of 1st period - Slapshot by Brent Burns.
9:10 of 1st period - Stopped by Ondrej Pavelec without a rebound.
9:11 of 1st period - Daymond Langkow wins face-off versus Dominic Moore in Senateurs zone.
9:36 of 1st period - Andrew Ebbett is hit by Kris Versteeg and loses puck.
10:20 of 1st period - Daymond Langkow is hit by Jamie Langenbrunner and loses puck.
11:01 of 1st period - Vladimir Mihalik is hit by Daniel Carcillo and loses puck.
12:16 of 1st period - Snap shot by Daniel Carcillo.
12:16 of 1st period - Shot Misses the Net.
12:28 of 1st period - Andy McDonald is hit by Jeff Schultz and loses puck.
12:39 of 1st period - Snap shot by Steve Bernier.
12:39 of 1st period - Stopped by Ondrej Pavelec without a rebound.
12:40 of 1st period - Robert Nilsson wins face-off versus Brandon Dubinsky in Senateurs zone.
12:51 of 1st period - Wrist shot by Henrik Zetterberg.
12:51 of 1st period - Shot Misses the Net.
13:32 of 1st period - Brenden Morrow is hit by Daniel Carcillo.
14:03 of 1st period - Slapshot by Andy Rogers.
14:03 of 1st period - Deflect By Robert Nilsson.
14:03 of 1st period - Stopped by Ondrej Pavelec without a rebound.
14:04 of 1st period - Brandon Dubinsky wins face-off versus Robert Nilsson in Senateurs zone.
14:13 of 1st period - Robert Nilsson is hit by Brandon Dubinsky and loses puck.
14:30 of 1st period - Brandon Dubinsky is hit by Dominic Moore and loses puck.
14:35 of 1st period - Wrist shot by Dominic Moore.
14:35 of 1st period - Shot Misses the Net.
14:37 of 1st period - Slapshot by Brent Burns.
14:37 of 1st period - Stopped by Ondrej Pavelec with a rebound.
14:45 of 1st period - John Carlson is hit by Brandon Dubinsky and loses puck.
15:18 of 1st period - Brenden Morrow is hit by Viktor Kozlov.
15:32 of 1st period - Snap shot by Andrew Ebbett.
15:32 of 1st period - Deflect By Todd Bertuzzi.
15:32 of 1st period - Shot Hit the Post.
15:32 of 1st period - Puck is out of play.
15:33 of 1st period - Andrew Ebbett wins face-off versus Robert Nilsson in Blackhawks zone.
15:36 of 1st period - Snap shot by Andy McDonald.
15:36 of 1st period - Shot Misses the Net.
15:43 of 1st period - Icing by Henrik Zetterberg.
15:44 of 1st period - Robert Nilsson wins face-off versus Jean-Pierre Dumont in Blackhawks zone.
15:44 of 1st period - Robert Nilsson is hit by Brenden Morrow.
16:05 of 1st period - Minor Penalty to Daymond Langkow for Roughing.
16:06 of 1st period - Brenden Morrow wins face-off versus Robert Nilsson in Senateurs zone.
16:42 of 1st period - Slapshot by Brent Burns.
16:42 of 1st period - Shot Blocked by Dan Hamhuis.
17:00 of 1st period - Kurtis Foster is hit by Pierre-Marc Bouchard and loses puck.
18:05 of 1st period - Penalty to Daymond Langkow is over, Daymond Langkow is back on ice.
18:31 of 1st period - Jeff Schultz is hit by Dan Girardi.
19:50 of 1st period - Minor Penalty to Vladimir Mihalik for Hooking.
19:51 of 1st period - Brenden Morrow wins face-off versus Kris Versteeg in Senateurs zone.
19:59 of 1st period - Brenden Morrow is hit by Brent Burns and loses puck.
Goals for this period are 0 for Senateurs vs 0 for Blackhawks.
Shots for this period are 6 for Senateurs vs 8 for Blackhawks.

2nd period


0:01 of 2nd period - Robert Nilsson wins face-off versus Brenden Morrow in neutral zone.
0:03 of 2nd period - Off-side.
0:04 of 2nd period - Brenden Morrow wins face-off versus Robert Nilsson in neutral zone.
0:07 of 2nd period - Snap shot by Brenden Morrow.
0:07 of 2nd period - Stopped by Tyler Weiman without a rebound.
0:08 of 2nd period - Robert Nilsson wins face-off versus Brenden Morrow in Blackhawks zone.
0:13 of 2nd period - Backhand shot by Daymond Langkow.
0:13 of 2nd period - Shot Misses the Net.
0:15 of 2nd period - Slapshot by Vitaly Vishnevsky.
0:15 of 2nd period - Deflect By Henrik Zetterberg.
0:15 of 2nd period - Stopped by Tyler Weiman with a rebound.
0:17 of 2nd period - Slapshot by Vitaly Vishnevsky.
0:17 of 2nd period - Stopped by Tyler Weiman with a rebound.
0:19 of 2nd period - Slapshot by Daymond Langkow.
0:19 of 2nd period - Stopped by Tyler Weiman without a rebound.
0:20 of 2nd period - Robert Nilsson wins face-off versus Brenden Morrow in Blackhawks zone.
1:12 of 2nd period - Slapshot by Kris Versteeg.
1:12 of 2nd period - Shot Misses the Net.
1:44 of 2nd period - Vitaly Vishnevsky is hit by Jeff Schultz and loses puck.
1:50 of 2nd period - Penalty to Vladimir Mihalik is over, Vladimir Mihalik is back on ice.
2:21 of 2nd period - Wrist shot by Daniel Carcillo.
2:21 of 2nd period - Shot Misses the Net.
4:14 of 2nd period - Slapshot by Kris Versteeg.
4:14 of 2nd period - Stopped by Ondrej Pavelec with a rebound.
4:16 of 2nd period - Snap shot by Kris Versteeg.
4:16 of 2nd period - Stopped by Ondrej Pavelec with a rebound.
4:22 of 2nd period - Minor Penalty to B.J. Crombeen for Interference.
4:23 of 2nd period - Robert Nilsson wins face-off versus Brenden Morrow in Senateurs zone.
4:38 of 2nd period - Snap shot by Henrik Zetterberg.
4:38 of 2nd period - Shot Misses the Net.
6:22 of 2nd period - Penalty to B.J. Crombeen is over, B.J. Crombeen is back on ice.
6:41 of 2nd period - Wrist shot by Daymond Langkow.
6:41 of 2nd period - Stopped by Tyler Weiman with a rebound.
7:03 of 2nd period - Slapshot by Dominic Moore.
7:03 of 2nd period - Shot Misses the Net.
8:22 of 2nd period - Andy McDonald is hit by Robert Nilsson and loses puck.
9:33 of 2nd period - Brenden Morrow is hit by John Carlson and loses puck.
9:54 of 2nd period - Andrew Ebbett is hit by John Carlson and loses puck.
10:24 of 2nd period - Minor Penalty to Daniel Carcillo for Holding.
10:25 of 2nd period - Daymond Langkow wins face-off versus Dominic Moore in Blackhawks zone.
10:54 of 2nd period - Slapshot by Andrew Ebbett.
10:54 of 2nd period - Stopped by Tyler Weiman without a rebound.
10:55 of 2nd period - Dominic Moore wins face-off versus Daymond Langkow in Blackhawks zone.
11:37 of 2nd period - Brenden Morrow is hit by Chris Higgins and loses puck.
12:24 of 2nd period - Penalty to Daniel Carcillo is over, Daniel Carcillo is back on ice.
12:59 of 2nd period - Snap shot by Ales Kotalik.
12:59 of 2nd period - Stopped by Tyler Weiman without a rebound.
13:00 of 2nd period - Olli Jokinen wins face-off versus Pierre-Marc Bouchard in Blackhawks zone.
13:15 of 2nd period - Slapshot by John Carlson.
13:15 of 2nd period - Stopped by Ondrej Pavelec without a rebound.
13:16 of 2nd period - Robert Nilsson wins face-off versus Daymond Langkow in Senateurs zone.
13:17 of 2nd period - Backhand shot by Henrik Zetterberg.
13:17 of 2nd period - Shot Misses the Net.
14:11 of 2nd period - Slapshot by Daniel Carcillo.
14:11 of 2nd period - Shot Blocked by Carlo Colaiacovo.
14:13 of 2nd period - Wrist shot by Sheldon Keefe.
14:13 of 2nd period - Shot Blocked by Andy Hilbert.
14:15 of 2nd period - Slapshot by Dominic Moore.
14:15 of 2nd period - Stopped by Ondrej Pavelec without a rebound.
14:16 of 2nd period - Robert Nilsson wins face-off versus Daymond Langkow in Senateurs zone.
14:17 of 2nd period - Wrist shot by Henrik Zetterberg.
14:17 of 2nd period - Deflect By Brenden Morrow.
14:17 of 2nd period - Shot Blocked by Vladimir Mihalik.
14:17 of 2nd period - Puck is out of play.
14:18 of 2nd period - Daymond Langkow wins face-off versus Robert Nilsson in Senateurs zone.
14:39 of 2nd period - Minor Penalty to Henrik Zetterberg for Delaying the game.
14:40 of 2nd period - Dominic Moore wins face-off versus Jean-Pierre Dumont in Blackhawks zone.
15:14 of 2nd period - Snap shot by Brenden Morrow.
15:14 of 2nd period - Goal by Brenden Morrow - Senateurs : 1 - Blackhawks : 0.
15:15 of 2nd period - Robert Nilsson wins face-off versus Andrew Ebbett in neutral zone.
15:20 of 2nd period - Snap shot by Henrik Zetterberg.
15:20 of 2nd period - Shot Misses the Net.
15:22 of 2nd period - Wrist shot by Kris Versteeg.
15:22 of 2nd period - Shot Misses the Net.
15:24 of 2nd period - Slapshot by John Carlson.
15:24 of 2nd period - Stopped by Ondrej Pavelec without a rebound.
15:25 of 2nd period - Andrew Ebbett wins face-off versus Robert Nilsson in Senateurs zone.
15:43 of 2nd period - Minor Penalty to Andrew Ebbett for Hooking.
15:44 of 2nd period - Brenden Morrow wins face-off versus Robert Nilsson in Senateurs zone.
17:11 of 2nd period - Henrik Zetterberg is hit by Andy Hilbert and loses puck.
17:30 of 2nd period - Todd Bertuzzi is hit by Chris Campoli and loses puck.
17:43 of 2nd period - Penalty to Andrew Ebbett is over, Andrew Ebbett is back on ice.
18:51 of 2nd period - Slapshot by Brent Burns.
18:51 of 2nd period - Stopped by Ondrej Pavelec with a rebound.
19:24 of 2nd period - Dominic Moore is hit by Daymond Langkow and loses puck.
Goals for this period are 1 for Senateurs vs 0 for Blackhawks.
Shots for this period are 8 for Senateurs vs 6 for Blackhawks.

3rd period


0:01 of 3rd period - Robert Nilsson wins face-off versus Daymond Langkow in neutral zone.
0:06 of 3rd period - Snap shot by Henrik Zetterberg.
0:06 of 3rd period - Stopped by Ondrej Pavelec with a rebound.
0:08 of 3rd period - Snap shot by Kris Versteeg.
0:08 of 3rd period - Goal by Kris Versteeg - Senateurs : 1 - Blackhawks : 1.
0:09 of 3rd period - Robert Nilsson wins face-off versus Daymond Langkow in neutral zone.
0:35 of 3rd period - Steve Bernier is hit by Andrew Ebbett and loses puck.
1:15 of 3rd period - Vitaly Vishnevsky is hit by Andy Rogers and loses puck.
1:20 of 3rd period - Snap shot by Jamie Langenbrunner.
1:20 of 3rd period - Shot Misses the Net.
1:22 of 3rd period - Wrist shot by Jamie Langenbrunner.
1:22 of 3rd period - Deflect By Viktor Kozlov.
1:22 of 3rd period - Stopped by Ondrej Pavelec with a rebound.
1:27 of 3rd period - Off-side.
1:28 of 3rd period - Daymond Langkow wins face-off versus Robert Nilsson in neutral zone.
1:33 of 3rd period - Wrist shot by Daymond Langkow.
1:33 of 3rd period - Shot Misses the Net.
1:38 of 3rd period - Minor Penalty to Brent Burns for Unsportsmanlike conduct.
1:39 of 3rd period - Dominic Moore wins face-off versus Daymond Langkow in Blackhawks zone.
2:11 of 3rd period - Wrist shot by Todd Bertuzzi.
2:11 of 3rd period - Shot Misses the Net.
2:32 of 3rd period - Vitaly Vishnevsky is hit by Andy Rogers and loses puck.
3:13 of 3rd period - Chris Campoli is hit by Andy McDonald and loses puck.
3:38 of 3rd period - Penalty to Brent Burns is over, Brent Burns is back on ice.
3:53 of 3rd period - Brent Burns is hit by Carlo Colaiacovo.
4:05 of 3rd period - Ales Kotalik is hit by Sheldon Keefe and loses puck.
4:11 of 3rd period - Icing by Olli Jokinen.
4:12 of 3rd period - Olli Jokinen wins face-off versus Robert Nilsson in Senateurs zone.
4:12 of 3rd period - Olli Jokinen is hit by Henrik Zetterberg.
4:28 of 3rd period - Snap shot by Henrik Zetterberg.
4:28 of 3rd period - Stopped by Ondrej Pavelec with a rebound.
4:38 of 3rd period - Andy McDonald is hit by Pierre-Marc Bouchard and loses puck.
5:44 of 3rd period - Dominic Moore is hit by Todd Bertuzzi and loses puck.
6:03 of 3rd period - Vitaly Vishnevsky is hit by Robert Nilsson and loses puck.
6:23 of 3rd period - Wes O'Neill is hit by Ales Kotalik and loses puck.
7:11 of 3rd period - Vladimir Mihalik is hit by Brent Burns and loses puck.
7:18 of 3rd period - Slapshot by Brandon Dubinsky.
7:18 of 3rd period - Stopped by Tyler Weiman without a rebound.
7:19 of 3rd period - Brandon Dubinsky wins face-off versus Pierre-Marc Bouchard in Blackhawks zone.
7:20 of 3rd period - Wrist shot by B.J. Crombeen.
7:20 of 3rd period - Shot Misses the Net.
7:22 of 3rd period - Minor Penalty to Chris Higgins for Interference.
7:23 of 3rd period - Dominic Moore wins face-off versus Daymond Langkow in Blackhawks zone.
7:36 of 3rd period - Snap shot by Jeff Schultz.
7:36 of 3rd period - Shot Blocked by Daymond Langkow.
8:01 of 3rd period - Icing by Todd Bertuzzi.
8:02 of 3rd period - Andrew Ebbett wins face-off versus Dominic Moore in Senateurs zone.
8:29 of 3rd period - Wrist shot by Andy McDonald.
8:29 of 3rd period - Shot Misses the Net.
8:31 of 3rd period - Snap shot by Andrew Ebbett.
8:31 of 3rd period - Shot Blocked by Wes O'Neill.
8:33 of 3rd period - Snap shot by Carlo Colaiacovo.
8:33 of 3rd period - Stopped by Tyler Weiman with a rebound.
8:35 of 3rd period - Wrist shot by Andrew Ebbett.
8:35 of 3rd period - Deflect By Andy McDonald.
8:35 of 3rd period - Stopped by Tyler Weiman without a rebound.
8:36 of 3rd period - Daymond Langkow wins face-off versus Dominic Moore in Blackhawks zone.
8:37 of 3rd period - Snap shot by Jean-Pierre Dumont.
8:37 of 3rd period - Shot Misses the Net.
8:39 of 3rd period - Wrist shot by Daymond Langkow.
8:39 of 3rd period - Stopped by Tyler Weiman without a rebound.
8:40 of 3rd period - Dominic Moore wins face-off versus Daymond Langkow in Blackhawks zone.
8:55 of 3rd period - Slapshot by Dominic Moore.
8:55 of 3rd period - Shot Misses the Net.
9:22 of 3rd period - Penalty to Chris Higgins is over, Chris Higgins is back on ice.
9:43 of 3rd period - Slapshot by Chris Higgins.
9:43 of 3rd period - Stopped by Ondrej Pavelec with a rebound.
10:03 of 3rd period - Snap shot by Kris Versteeg.
10:03 of 3rd period - Shot Misses the Net.
10:33 of 3rd period - Snap shot by Daniel Carcillo.
10:33 of 3rd period - Stopped by Ondrej Pavelec without a rebound.
10:34 of 3rd period - Pierre-Marc Bouchard wins face-off versus Daymond Langkow in Senateurs zone.
10:59 of 3rd period - Andy Rogers is hit by Todd Bertuzzi and loses puck.
11:06 of 3rd period - Kris Versteeg is hit by Dan Hamhuis and loses puck.
11:21 of 3rd period - Snap shot by Dan Hamhuis.
11:21 of 3rd period - Stopped by Tyler Weiman without a rebound.
11:22 of 3rd period - Pierre-Marc Bouchard wins face-off versus Brandon Dubinsky in Blackhawks zone.
11:53 of 3rd period - Wrist shot by Robert Nilsson.
11:53 of 3rd period - Shot Misses the Net.
11:55 of 3rd period - Slapshot by John Carlson.
11:55 of 3rd period - Shot Misses the Net.
12:05 of 3rd period - Wrist shot by Jamie Langenbrunner.
12:05 of 3rd period - Shot Blocked by Dan Girardi.
12:07 of 3rd period - Wrist shot by Jamie Langenbrunner.
12:07 of 3rd period - Shot Blocked by Todd Bertuzzi.
12:09 of 3rd period - Wrist shot by Wes O'Neill.
12:09 of 3rd period - Shot Blocked by Andrew Ebbett.
12:11 of 3rd period - Wrist shot by Viktor Kozlov.
12:11 of 3rd period - Shot Misses the Net.
12:13 of 3rd period - Snap shot by Viktor Kozlov.
12:13 of 3rd period - Shot Misses the Net.
12:15 of 3rd period - Snap shot by Ryan Malone.
12:15 of 3rd period - Stopped by Ondrej Pavelec without a rebound.
12:16 of 3rd period - Daymond Langkow wins face-off versus Robert Nilsson in Senateurs zone.
12:21 of 3rd period - Henrik Zetterberg is hit by Daymond Langkow and loses puck.
12:28 of 3rd period - Slapshot by Jean-Pierre Dumont.
12:28 of 3rd period - Shot Misses the Net.
12:30 of 3rd period - Minor Penalty to Chris Campoli for Tripping.
12:31 of 3rd period - Daymond Langkow wins face-off versus Dominic Moore in Blackhawks zone.
14:30 of 3rd period - Penalty to Chris Campoli is over, Chris Campoli is back on ice.
14:45 of 3rd period - Snap shot by Robert Nilsson.
14:45 of 3rd period - Shot Misses the Net.
16:21 of 3rd period - Vitaly Vishnevsky is hit by Viktor Kozlov and loses puck.
16:32 of 3rd period - Slapshot by Jamie Langenbrunner.
16:32 of 3rd period - Shot Misses the Net.
17:02 of 3rd period - Jeff Schultz is hit by Kurtis Foster and loses puck.
17:44 of 3rd period - Snap shot by Henrik Zetterberg.
17:44 of 3rd period - Shot Misses the Net.
17:54 of 3rd period - Snap shot by Henrik Zetterberg.
17:54 of 3rd period - Stopped by Ondrej Pavelec with a rebound.
18:04 of 3rd period - Jamie Langenbrunner is hit by Kurtis Foster and loses puck.
18:15 of 3rd period - Steve Bernier is hit by Andy McDonald and loses puck.
18:36 of 3rd period - Brenden Morrow is hit by Henrik Zetterberg and loses puck.
19:19 of 3rd period - Snap shot by Andy Hilbert.
19:19 of 3rd period - Shot Misses the Net.
Goals for this period are 0 for Senateurs vs 1 for Blackhawks.
Shots for this period are 5 for Senateurs vs 8 for Blackhawks.

Overtime #1


0:01 of 1st overtime period - Brenden Morrow wins face-off versus Robert Nilsson in neutral zone.
0:04 of 1st overtime period - Slapshot by Vitaly Vishnevsky.
0:04 of 1st overtime period - Stopped by Tyler Weiman with a rebound.
0:06 of 1st overtime period - Slapshot by Vitaly Vishnevsky.
0:06 of 1st overtime period - Deflect By Kris Versteeg.
0:06 of 1st overtime period - Stopped by Tyler Weiman without a rebound.
0:07 of 1st overtime period - Robert Nilsson wins face-off versus Brenden Morrow in Blackhawks zone.
0:20 of 1st overtime period - Slapshot by Brenden Morrow.
0:20 of 1st overtime period - Shot Misses the Net.
0:22 of 1st overtime period - Slapshot by Vitaly Vishnevsky.
0:22 of 1st overtime period - Shot Misses the Net.
1:05 of 1st overtime period - Icing by Kurtis Foster.
1:06 of 1st overtime period - Robert Nilsson wins face-off versus Jean-Pierre Dumont in Senateurs zone.
1:33 of 1st overtime period - Icing by Brent Burns.
1:34 of 1st overtime period - Henrik Zetterberg wins face-off versus Brenden Morrow in Blackhawks zone.
1:41 of 1st overtime period - Backhand shot by Brent Burns.
1:41 of 1st overtime period - Shot Blocked by Brenden Morrow.
1:43 of 1st overtime period - Snap shot by Pierre-Marc Bouchard.
1:43 of 1st overtime period - Stopped by Ondrej Pavelec with a rebound.
1:45 of 1st overtime period - Snap shot by Pierre-Marc Bouchard.
1:45 of 1st overtime period - Shot Misses the Net.
1:47 of 1st overtime period - Snap shot by Pierre-Marc Bouchard.
1:47 of 1st overtime period - Stopped by Ondrej Pavelec with a rebound.
1:49 of 1st overtime period - Snap shot by Henrik Zetterberg.
1:49 of 1st overtime period - Shot Misses the Net.
1:51 of 1st overtime period - Slapshot by John Carlson.
1:51 of 1st overtime period - Shot Blocked by Vitaly Vishnevsky.
2:09 of 1st overtime period - Slapshot by Vitaly Vishnevsky.
2:09 of 1st overtime period - Stopped by Tyler Weiman with a rebound.
2:11 of 1st overtime period - Slapshot by Vitaly Vishnevsky.
2:11 of 1st overtime period - Stopped by Tyler Weiman without a rebound.
2:12 of 1st overtime period - Brenden Morrow wins face-off versus Robert Nilsson in Blackhawks zone.
2:23 of 1st overtime period - Carlo Colaiacovo is hit by Jeff Schultz.
2:35 of 1st overtime period - Snap shot by Kris Versteeg.
2:35 of 1st overtime period - Shot Misses the Net.
2:37 of 1st overtime period - Snap shot by Pierre-Marc Bouchard.
2:37 of 1st overtime period - Shot Misses the Net.
2:39 of 1st overtime period - Slapshot by Brent Burns.
2:39 of 1st overtime period - Stopped by Ondrej Pavelec without a rebound.
2:40 of 1st overtime period - Brenden Morrow wins face-off versus Pierre-Marc Bouchard in Senateurs zone.
3:21 of 1st overtime period - Icing by Vitaly Vishnevsky.
3:22 of 1st overtime period - Pierre-Marc Bouchard wins face-off versus Nikita Alexeev in Senateurs zone.
3:23 of 1st overtime period - Wrist shot by Henrik Zetterberg.
3:23 of 1st overtime period - Stopped by Ondrej Pavelec with a rebound.
3:39 of 1st overtime period - Icing by Carlo Colaiacovo.
3:40 of 1st overtime period - Brenden Morrow wins face-off versus Robert Nilsson in Senateurs zone.
4:08 of 1st overtime period - Slapshot by Kurtis Foster.
4:08 of 1st overtime period - Shot Blocked by Brent Burns.
4:10 of 1st overtime period - Snap shot by Todd Bertuzzi.
4:10 of 1st overtime period - Stopped by Tyler Weiman with a rebound.
4:12 of 1st overtime period - Snap shot by Carlo Colaiacovo.
4:12 of 1st overtime period - Goal by Carlo Colaiacovo - Senateurs : 2 - Blackhawks : 1.
Goals for this period are 1 for Senateurs vs 0 for Blackhawks.
Shots for this period are 6 for Senateurs vs 4 for Blackhawks.